 Dungeon Crawl Stone Soup version 0.22.0-6-g71bd7aa6b3 (webtiles) character file.

6457 Jannitor the Fighter (level 10, -9/99 HPs)
             Began as an Ogre Arcane Marksman on Aug 14, 2018.
             Was a Believer of the Shining One.
             Mangled by a yak (11 damage)
             ... on level 1 of the Lair of Beasts.
             The game lasted 00:17:38 (12671 turns).

Jannitor the Fighter (Ogre Arcane Marksman)        Turns: 12671, Time: 00:17:39

Health: -9/99      AC:  4    Str: 21    XL:     10   Next: 99%
Magic:  11/11      EV: 19    Int: 14    God:    the Shining One [**....]
Gold:   675        SH:  0    Dex: 15    Spells: 10/11 levels left

rFire    . . .     SeeInvis .   k - +1 morningstar (venom)
rCold    . . .     Gourm    .   (no shield)
rNeg     + . .     Faith    .   a - +1 robe
rPois    +         Spirit   .   (helmet restricted)
rElec    +         Reflect  .   (no cloak)
rCorr    .         Harm     .   (gloves unavailable)
MR       +....                  (boots unavailable)
Stlth    +.........             (no amulet)
HPRegen  0.26/turn              n - ring of poison resistance
MPRegen  0.12/turn              D - ring of attention (curse)

@: mighty, agile, very slightly contaminated, glowing
A: large, unfitting armour, clumsy 1, frail 1, electricity resistance, tough
skin 1
a: Divine Shield, Renounce Religion


You were on level 1 of the Lair of Beasts.
You worshipped the Shining One.
The Shining One was pleased with you.
You were hungry.

You visited 3 branches of the dungeon, and saw 12 of its levels.
You also visited: Ossuary.

You collected 675 gold pieces.

Inventory:

Hand Weapons
 b - a +0 whip
 c - a +1 flail of holy wrath
 h - a +0 short sword of venom
 k - a +1 morningstar of venom (weapon)
 u - a +0 dire flail of draining
 F - a +0 giant spiked club
Missiles
 v - 2 large rocks (quivered)
Armour
 a - a +1 robe (worn)
Jewellery
 n - a ring of poison resistance (left hand)
 p - an uncursed ring of resist corrosion
 D - a cursed ring of attention (right hand)
Wands
 l - a wand of flame (11)
 o - a wand of disintegration (7)
 t - a wand of polymorph (13)
 y - a wand of digging (17)
Scrolls
 d - a scroll of enchant weapon
 e - 6 scrolls of identify
 g - 3 scrolls of magic mapping
 i - 6 scrolls of remove curse
 j - 3 scrolls of amnesia
 x - a scroll of teleportation
 B - a scroll of enchant armour
 I - 2 scrolls of fog
 J - a scroll of torment {unknown}
Potions
 m - 5 potions of flight
 w - 2 potions of ambrosia
 z - a potion of invisibility
 A - a potion of magic
 E - a potion of might
 K - a potion of brilliance {unknown}
Comestibles
 f - 13 rations
 G - 7 chunks of flesh


   Skills:
 + Level 9.9 Fighting
 * Level 9.6 Maces & Flails
 + Level 7.2 Throwing
 + Level 6.6 Dodging
 - Level 1.2 Spellcasting
 - Level 2.6 Hexes
 + Level 1.0 Invocations


You had 10 spell levels left.
You knew the following spells:

 Your Spells              Type           Power        Failure   Level  Hunger
a - Corona                Hex            #......      9%          1    ##.....

Your spell library contained the following spells:

 Spells                   Type           Power        Failure   Level  Hunger
 Cause Fear               Hex            #.........   65%         4    #####..
 Magic Dart               Conj           #...         26%         1    ##.....
 Conjure Flame            Conj/Fire      #.......     61%         3    ####...
 Lightning Bolt           Conj/Air       #.........   100%        5    ######.
 Slow                     Hex            #.......     13%         2    ###....
 Confuse                  Hex            #.......     26%         3    ####...
 Mephitic Cloud           Conj/Pois/Air  #.......     61%         3    ####...
 Blink                    Tloc           N/A          36%         2    ###....
 Call Imp                 Summ           #.......     36%         2    ###....
 Shock                    Conj/Air       #...         26%         1    ##.....
 Swiftness                Chrm/Air       #.......     36%         2    ###....
 Airstrike                Air            #.........   95%         4    #####..
 Confusing Touch          Hex            #.....       9%          1    ##.....
 Metabolic Englaciation   Hex/Ice        #.........   99%         5    ######.
 Static Discharge         Conj/Air       #.......     61%         3    ####...
 Portal Projectile        Hex/Tloc       #.....       41%         3    ####...
 Petrify                  Tmut/Erth      #.......     95%         4    #####..
 Leda's Liquefaction      Hex/Erth       #.........   83%         4    #####..
 Inner Flame              Hex/Fire       #.......     41%         3    ####...
 Gell's Gravitas          Tloc           #.........   61%         3    ####...
 Yara's Violent Unravell  Hex/Tmut       #.........   99%         5    ######.


Dungeon Overview and Level Annotations

Branches:
Dungeon (10/15)            Temple (1/1) D:4            Lair (1/6) D:8
    Orc: D:9-12

Altars:
Ashenzari
Cheibriados
Dithmenos
Elyvilon
Fedhas
Gozag
Hepliaklqana
Makhleb
Nemelex Xobeh
Okawaru
Qazlal
Sif Muna
Uskayaw
Vehumet
Wu Jian
Xom
Yredelemnul
Zin
The Shining One

Annotations:
D:2 Natasha


Innate Abilities, Weirdness & Mutations

You are too large for most types of armour.
You have tough skin. (AC +1)
You are clumsy. (Dex -2)
You are frail. (-10% HP)
You are resistant to electric shocks. (rElec)


Message History

Unknown command.
Unknown command.
Throwing (i - inventory)
v - 4 large rocks (quivered)
Press: ? - help, Shift-Dir - straight line, f - yak
Aim: a yak You throw a large rock.
The large rock hits the yak!!
The yak is almost dead.
Throwing (i - inventory)
v - 3 large rocks (quivered)
Press: ? - help, Shift-Dir - straight line, f/p - yak
Aim: a yak (almost dead)
You throw a large rock. The large rock barely misses the yak.
Evoke which item? (* to show all) (? for menu, Esc to quit)
Really evoke
C - a wand of clouds (1)?
This could place you under penance!
Aiming: Cloud Cone
Press: ? - help, Dir - move target cursor, f/p - yak
Aim: a yak (almost dead, haloed)
You create a blast of noxious fumes!
The now-empty wand crumbles to dust.
The yak is engulfed in noxious fumes.
The yak appears confused.
The yak is engulfed in noxious fumes.
The yak gores you!
You die...

..................#
##.................#
..................##
#......?...........#
#................###
#...............##
#..............##
#.............##
#....@§.....###
##...§Y§§..##
#....§Y§§P#
#.(..§§§###
##....§§§####
#...#..#(..#
######..#(.# #....##
#.....#


You could see 2 yaks.

Vanquished Creatures
  Pikel (D:5)
  2 hippogriffs
  Grinder (D:4)
  Sigmund (D:2)
  4 yaks
  A human (D:7)
  2 hogs (D:7)
  Grum (D:9)
  2 wargs (D:8)
  Edmund (D:4)
  Duvessa (D:4)
  4 orc warriors
  A porcupine (Lair:1)
  An ice beast (D:6)
  2 slaves (D:5)
  A phantom (D:9)
  A sky beast (D:5)
  4 wolves (D:9)
  An ogre (D:6)
  3 centaurs
  A crocodile (Lair:1)
  A big kobold (D:9)
  Blork the orc (D:5)
  4 bullfrogs
  Dowan (D:4)
  3 water moccasin zombies (Ossuary)
  A scorpion (D:6)
  7 wights
  3 howler monkeys
  A bullfrog zombie (D:9)
  2 crimson imps
  A jelly (D:9)
  3 hounds
  7 orc priests
  A bullfrog skeleton (D:7)
  2 iguanas
  6 orc wizards
  Ijyb (D:4)
  7 worker ants
  2 big kobold zombies (Ossuary)
  2 mummies (Ossuary)
  7 gnolls (D:6)
  8 adders
  A shadow imp (D:8)
  8 adder zombies
  2 dart slugs
  4 leopard geckos
  21 orcs
  4 giant cockroaches
  3 gnoll zombies (Ossuary)
  9 goblins
  4 hobgoblins
  12 jackals
  12 kobolds
  3 quokkas
  A ball python (D:3)
  4 bats
  6 frilled lizards
  3 hobgoblin zombies (Ossuary)
  4 kobold zombies (Ossuary)
  A leopard gecko skeleton (D:5)
  6 orc zombies (Ossuary)
  A quokka zombie (D:4)
  8 rats
224 creatures vanquished.

Notes
Turn   | Place    | Note
-------+----------+-------------------------------------------
     0 | D:1      | Jannitor the Ogre Arcane Marksman began the quest for the Orb.
     0 | D:1      | Reached XP level 1. HP: 19/19 MP: 2/2
   451 | D:1      | Reached XP level 2. HP: 9/28 MP: 3/3
   456 | D:1      | HP: 1/28 [kobold/stone (2)]
  1553 | D:2      | Reached XP level 3. HP: 25/35 MP: 4/4
  1597 | D:2      | Noticed Sigmund
  1859 | D:3      | HP: 1/36 [poisoned by an adder]
  2129 | D:3      | Reached skill level 1 in Maces & Flails
  2176 | D:3      | Reached XP level 4. HP: 36/44 MP: 5/5
  2740 | D:4      | Found a sand-covered staircase.
  2822 | Ossuary  | Entered an ossuary
  2970 | Ossuary  | Reached XP level 5. HP: 26/53 MP: 6/6
  3168 | Ossuary  | Reached XP level 6. HP: 22/62 MP: 7/7
  4193 | D:4      | Reached skill level 5 in Fighting
  4299 | D:3      | Reached XP level 7. HP: 64/72 MP: 8/8
  4448 | D:2      | Killed Sigmund
  4672 | D:2      | Found an iron altar of Okawaru.
  4702 | D:2      | Noticed Natasha
  4917 | D:4      | Noticed Grinder
  4925 | D:4      | Killed Grinder
  4925 | D:4      | Reached skill level 5 in Maces & Flails
  4925 | D:4      | Reached XP level 8. HP: 51/83 MP: 9/9
  5068 | D:4      | Found a staircase to the Ecumenical Temple.
  5104 | Temple   | Entered the Ecumenical Temple
  5211 | Temple   | Became a worshipper of the Shining One
  5605 | D:4      | Noticed Edmund
  5618 | D:4      | Killed Edmund
  5876 | D:4      | Noticed Duvessa
  5876 | D:4      | Noticed Dowan
  5896 | D:4      | Killed Duvessa
  5899 | D:4      | Killed Dowan
  6164 | D:4      | Noticed Ijyb
  6176 | D:4      | Killed Ijyb
  6520 | D:5      | Entered Level 5 of the Dungeon
  7194 | D:5      | Noticed Blork the orc
  7197 | D:5      | Killed Blork the orc
  7381 | D:5      | Noticed Pikel
  7422 | D:5      | Killed Pikel
  7422 | D:5      | Reached XP level 9. HP: 62/93 MP: 10/10
  7626 | D:5      | Reached skill level 5 in Throwing
  8013 | D:6      | Found a sparkling altar of Nemelex Xobeh.
  8307 | D:6      | Reached * piety under the Shining One
  8389 | D:6      | Reached skill level 5 in Dodging
  9022 | D:7      | Found a sparkling altar of Nemelex Xobeh.
  9025 | D:7      | Found a stormy altar of Qazlal.
  9293 | D:7      | Reached XP level 10. HP: 55/106 MP: 11/11
 10274 | D:8      | Found a glowing silver altar of Zin.
 10455 | D:9      | Noticed Grum
 10482 | D:9      | Killed Grum
 11140 | D:9      | Reached ** piety under the Shining One
 11440 | D:8      | Found a staircase to the Lair.
 11794 | D:8      | Gained mutation: You are frail. (-10% HP) [potion of mutation]
 11794 | D:8      | Gained mutation: You are clumsy. (Dex -2) [potion of mutation]
 11794 | D:8      | Gained mutation: You are resistant to electric shocks. (rElec) [potion of mutation]
 11987 | D:8      | Found a shadowy altar of Dithmenos.
 12494 | D:10     | Entered Level 10 of the Dungeon
 12494 | D:10     | Noticed a catoblepas
 12541 | Lair:1   | Entered Level 1 of the Lair of Beasts
 12555 | Lair:1   | Noticed an eight-headed hydra
 12663 | Lair:1   | Reached skill level 1 in Invocations
 12665 | Lair:1   | HP: 1/99 [yak (13)]
 12671 | Lair:1   | Mangled by a yak

Skill      XL: |  1  2  3  4  5  6  7  8  9 10 |
---------------+-------------------------------+-----
Dodging        | 2 3 4 5 6 |  6.6
Fighting       | 2 3 4 5 7 8 9 |  9.9
Maces & Flails | 1 2 3 4 5 6 8 9 |  9.6
Throwing       | 3 4 6 7 |  7.2
Invocations    | 1 |  1.0
Spellcasting   | |  1.2
Hexes          | |  2.6

Action                   |  1- 3 |  4- 6 |  7- 9 | 10-12 || total
-------------------------+-------+-------+-------+-------++-------
Melee: Unarmed           |    83 |       |     8 |       ||    91
       Short sword       |    99 |    16 |       |       ||   115
       Whip              |     3 |       |       |       ||     3
       Morningstar       |       |   144 |   190 |   187 ||   521
       Flail             |       |       |    10 |    18 ||    28
Throw: Throwing net      |     2 |       |       |       ||     2
       Large rock        |       |     4 |     5 |     2 ||    11
Evoke: Wand              |       |    10 |    30 |     6 ||    46
  Use: Potion            |     5 |       |     3 |     8 ||    16
       Scroll            |       |       |    12 |    10 ||    22
  Eat: Chunk             |     3 |     5 |     4 |     8 ||    20
       Ration            |       |     1 |     3 |     1 ||     5
Armor: Robe              |    62 |    37 |    33 |    30 ||   162
       Skin              |       |       |    18 |       ||    18
Dodge: Dodged            |   136 |    98 |   106 |   136 ||   476
